Cogmind - Beta 14 *** ADVENTURER MODE // 2025.03.31 @ 10:29:54 // Winter2019/RPGLIKE Player: Lava Result: Escaped! Performance ------------- Evolutions (9) 4500 Regions Visited (24) 4800 Robots Destroyed (423) 2115 Value Destroyed (17395) 17395 Prototype IDs (67) 1340 Alien Tech Used (0) 0 Bonus (5799) 5799 TOTAL SCORE: 35949 Bonus ------- High Alert Combat Kills 1121 Follower Combat Kills 1730 Aligned with FarCom 300 Met Imprinter 300 Win 3000 Friendly Fire -652 Cogmind --------- Core Integrity 1261/2200 Matter 600/600 Energy 186/190 System Corruption 0% Temperature Cool (10) Movement Flying (25) Location To Epsilon Eridani Parts ------- > --- POWER (1) -------- Light Quantum Reactor > --- PROPULSION (5) --- Electron Diverter Improved Diametric Drive Improved Q-thruster Improved Q-thruster Improved Q-thruster > --- UTILITY (10) ----- Experimental Signal Interpreter Makeshift Terrain Scanner Improved Kinecellerator Advanced Reaction Control System Improved Cloaking Device Focal Shield Improved Hacking Suite Advanced Hacking Suite Advanced Hacking Suite Advanced System Shield > --- WEAPON (2) ------- Hypervelocity Railgun Compact Mass Driver > --- INVENTORY (4) ---- Advanced Shield Generator Heavy Missile Launcher Micro-nuke Launcher Chainsword Peak State ------------ > --- POWER ------------ Light Quantum Reactor > --- PROPULSION ------- Improved Diametric Drive Improved Q-thruster Improved Q-thruster Improved Q-thruster Improved Q-thruster > --- UTILITY ---------- Experimental Signal Interpreter Makeshift Terrain Scanner Improved Kinecellerator Advanced Reaction Control System Cloak of Protection Focal Shield Improved Hacking Suite Advanced Hacking Suite Advanced Hacking Suite Advanced System Shield > --- WEAPON ----------- Hypervelocity Railgun Compact Mass Driver > --- INVENTORY -------- Cooled Nuclear Pulse Thruster Diametric Drive Heavy Missile Launcher Chainsword [Rating: 141] Favorites ----------- Power Improved Deuterium Engine Engine Improved Deuterium Engine Reactor Light Antimatter Reactor Propulsion Cooled VTOL Module Treads Light Treads Flight Unit Cooled VTOL Module Utility Hacking Suite Device Cloak of Protection Processor Improved Signal Interpreter Hackware Hacking Suite Protection Layered Light Armor Plating Weapon Bore Cannon Ballistic Gun Gauss Rifle Ballistic Cannon Bore Cannon Launcher Heavy Missile Launcher Slashing Weapon Chainsword Build | -11 -10 -10 -9 -9 -9 -8 -8 -7 -7 -6 -6 -6 -6 -6 -6 -5 -5 -5 -4 -4 -4 -3 -2 -1 ------- Run | Yrd Mat Min Mat Min Exi Min Mat Fac Sto Fac Was Fac Low Low Zio Pro Fac Ext Fac Upp Upp Res Res Acc Slots Evolved 14 | 3 . . 4 . . . 1 2 . . . 1 . . . 1 . . 1 . . . 1 . Power . | . . . . . . . . . . . . . . . . . . . . . . . . . Propulsion 4 | 1 . . 2 . . . . . . . . 1 . . . . . . . . . . . . Utility 9 | 1 . . 2 . . . 1 2 . . . . . . . 1 . . 1 . . . 1 . Weapon 1 | 1 . . . . . . . . . . . . . . . . . . . . . . . . Parts Attached 172 | 5 4 . 12 . 1 1 5 14 7 3 4 5 . 4 5 1 18 4 26 . . 27 23 3 Power 13 | 1 . . 1 . . . . 1 . . . . . . . . . . 7 . . 1 1 1 Engine 6 | 1 . . 1 . . . . 1 . . . . . . . . . . 3 . . . . . Core . | . . . . . . . . . . . . . . . . . . . . . . . . . Reactor 7 | . . . . . . . . . . . . . . . . . . . 4 . . 1 1 1 Propulsion 38 | 2 . . 5 . . . . 4 . 1 . 2 . 1 . . 8 . 4 . . 4 7 . Treads 3 | 2 . . 1 . . . . . . . . . . . . . . . . . . . . . Leg . | . . . . . . . . . . . . . . . . . . . . . . . . . Wheel . | . . . . . . . . . . . . . . . . . . . . . . . . . Hover . | . . . . . . . . . . . . . . . . . . . . . . . . . Flight 35 | . . . 4 . . . . 4 . 1 . 2 . 1 . . 8 . 4 . . 4 7 . Utility 49 | . 2 . 4 . 1 . 4 3 . 1 . . . 1 5 1 3 . 5 . . 10 9 . Device 24 | . 1 . . . 1 . . . . . . . . . 2 1 . . 4 . . 7 8 . Storage . | . . . . . . . . . . . . . . . . . . . . . . . . . Processor 7 | . 1 . 1 . . . 1 . . . . . . . . . . . 1 . . 2 1 . Hackware 12 | . . . 1 . . . 1 2 . 1 . . . 1 2 . 3 . . . . 1 . . Protection 6 | . . . 2 . . . 2 1 . . . . . . 1 . . . . . . . . . Artifact . | . . . . . . . . . . . . . . . . . . . . . . . . . Weapon 72 | 2 2 . 2 . . 1 1 6 7 1 4 3 . 2 . . 7 4 10 . . 12 6 2 Energy Gun . | . . . . . . . . . . . . . . . . . . . . . . . . . Energy Cannon . | . . . . . . . . . . . . . . . . . . . . . . . . . Ballistic Gun 30 | 2 2 . 2 . . 1 1 3 4 1 1 . . . . . . . 4 . . 5 3 1 Ballistic Cannon 18 | . . . . . . . . . . . 2 2 . 1 . . 4 2 3 . . 4 . . Launcher 6 | . . . . . . . . 1 1 . . . . . . . . 2 . . . . 1 1 Special Weapon . | . . . . . . . . . . . . . . . . . . . . . . . . . Impact Weapon . | . . . . . . . . . . . . . . . . . . . . . . . . . Slashing Weapon 18 | . . . . . . . . 2 2 . 1 1 . 1 . . 3 . 3 . . 3 2 . Piercing Weapon . | . . . . . . . . . . . . . . . . . . . . . . . . . Special Melee Weapon . | . . . . . . . . . . . . . . . . . . . . . . . . . Unidentified Prototypes 12 | . . . . . . . . . . 1 . . . . 1 . 1 . . . . 5 4 . Parts Lost 3 | . . . . . . . . 1 . . . . . . . . . . . . . 1 1 . Power . | . . . . . . . . . . . . . . . . . . . . . . . . . Propulsion . | . . . . . . . . . . . . . . . . . . . . . . . . . Utility 3 | . . . . . . . . 1 . . . . . . . . . . . . . 1 1 . Weapon . | . . . . . . . . . . . . . . . . . . . . . . . . . Highest Loss Streak 1 | . . . . . . . . 1 . . . . . . . . . . . . . 1 1 . To Critical Strikes 1 | . . . . . . . . . . . . . . . . . . . . . . . 1 . Average Slot Usage (%) 98 | . 91 100 94 100 98 100 99 99 100 100 100 100 100 96 100 100 99 100 100 100 100 99 99 100 Engine 7 | . 14 14 11 9 9 9 8 7 7 7 7 6 6 6 6 6 6 6 5 . . . . . Treads 7 | . 28 28 20 . . . . . . . . . . . . . . . . . . . . . Flight 21 | . . . 5 36 36 36 33 28 28 28 28 29 33 29 33 32 30 31 30 29 29 29 26 27 Device 11 | . 7 14 11 9 7 9 8 7 7 7 7 6 6 6 6 7 12 12 13 17 17 17 26 27 Processor 7 | . 12 14 11 9 9 9 8 7 7 7 7 6 6 6 6 6 6 6 5 5 5 5 5 5 Hackware 19 | . . . 1 9 9 9 15 27 28 28 28 27 26 26 31 32 31 31 30 29 29 28 22 22 Protection 3 | . . . 8 9 9 9 8 6 7 7 7 6 6 6 1 . . . . . . . . . Ballistic Gun 11 | . 28 28 23 18 18 18 15 14 13 14 10 5 . . . . . . 3 5 5 4 4 4 Ballistic Cannon 4 | . . . . . . . . . . . 2 8 13 9 13 12 11 11 7 5 5 4 5 5 Peak Build Rating 141 | 5 9 9 26 26 33 35 44 58 58 63 64 69 69 69 74 73 85 85 106 106 106 122 141 139 Average Rating 59 | 3 8 9 14 26 29 33 41 53 58 62 63 65 69 66 68 70 79 85 92 105 106 114 135 138 On Entrance 60 | . 5 9 9 26 26 33 35 44 58 58 63 64 69 69 68 69 73 85 85 106 106 106 119 138 Naked Turns . | . . . . . . . . . . . . . . . . . . . . . . . . . Heaviest Build 50 | 6 11 11 15 15 21 22 22 33 30 31 36 40 40 40 40 38 39 39 43 43 43 46 50 43 Greatest Support 58 | 45 45 45 48 30 30 30 30 34 35 36 36 41 41 42 41 41 44 41 45 45 45 48 58 57 Greatest Overweight (x) . | . . . . . . . . . . . . . . . . . . . . . . . . . Average Overweight (x) . | . . . . . . . . . . . . . . . . . . . . . . . . . Largest Inventory Capacity 4 | 2 2 2 3 3 3 3 3 3 3 3 3 3 3 3 3 3 3 3 4 4 4 4 4 4 Average Capacity 3 | 1 2 2 2 3 3 3 3 3 3 3 3 3 3 3 3 3 3 3 3 4 4 4 4 4 Most Carried 4 | 2 2 2 3 3 3 3 3 3 3 3 3 3 3 3 3 3 3 3 4 4 3 4 4 4 Average Carried 2 | . 1 2 2 3 3 3 2 2 2 2 2 3 3 3 2 2 2 2 3 3 3 3 2 3 Final Capacity 4 | 2 2 2 3 3 3 3 3 3 3 3 3 3 3 3 3 3 3 3 4 4 4 4 4 4 Final Carried 4 | . 2 2 3 3 3 3 3 3 2 3 3 3 3 3 3 3 3 3 4 3 3 2 3 4 Class Distribution -------------------- 33% | Wizard-Scout 27% | Mutant 23% | Hacker-Scout 9% | Hacker-Sprinter 5% | Wizard-Sprinter Dominant Class ---------------- Mutant | -10/Materials Mutant | -10/Mines Mutant | -9/Materials Hacker-Sprinter | -9/Mines Hacker-Sprinter | -9/Exiles Hacker-Scout | -8/Mines Hacker-Scout | -8/Materials Hacker-Scout | -7/Factory Hacker-Scout | -7/Storage Hacker-Scout | -6/Factory Hacker-Scout | -6/Waste Hacker-Scout | -6/Factory Hacker-Sprinter | -6/Lower Caves Hacker-Sprinter | -6/Lower Caves Wizard-Sprinter | -6/Zion Wizard-Sprinter | -5/Proximity Caves Wizard-Scout | -5/Factory Wizard-Scout | -5/Extension Wizard-Scout | -4/Factory Wizard-Sprinter | -4/Upper Caves Wizard-Sprinter | -4/Upper Caves Wizard-Scout | -3/Research Wizard-Scout | -2/Research Wizard-Scout | -1/Access Resources | -11 -10 -10 -9 -9 -9 -8 -8 -7 -7 -6 -6 -6 -6 -6 -6 -5 -5 -5 -4 -4 -4 -3 -2 -1 ----------- Run | Yrd Mat Min Mat Min Exi Min Mat Fac Sto Fac Was Fac Low Low Zio Pro Fac Ext Fac Upp Upp Res Res Acc Matter Collected 12638 | 250 163 150 611 15 . 106 614 1316 463 206 176 216 478 236 50 318 1506 836 1742 565 104 1382 706 429 Remotely . | . . . . . . . . . . . . . . . . . . . . . . . . . Salvage Created 16903 | . 221 34 1310 38 . 168 953 1674 1052 234 729 334 263 189 . 555 1908 744 2198 582 165 2110 1063 379 Parts 1013 | . 35 17 94 6 . 12 74 152 46 17 11 20 15 7 . 21 97 29 139 14 7 126 59 15 Haulers Intercepted 8 | . . . 3 . . . 1 . 1 . . . . . . . 2 . . . . . . 1 Recyclers Shooed 6 | . 1 . . . . . . . . . . 1 . . . . 3 . 1 . . . . . Parts Field Recycled . | . . . . . . . . . . . . . . . . . . . . . . . . . Retrieved Matter . | . . . . . . . . . . . . . . . . . . . . . . . . . Parts Self-Destructed 72 | . . . . . . . . . . . . . 17 7 . 26 . . . 16 6 . . . Prevented 3 | . . . . . . . . . . . . . . . . 3 . . . . . . . . Kills | -11 -10 -10 -9 -9 -9 -8 -8 -7 -7 -6 -6 -6 -6 -6 -6 -5 -5 -5 -4 -4 -4 -3 -2 -1 ------- Run | Yrd Mat Min Mat Min Exi Min Mat Fac Sto Fac Was Fac Low Low Zio Pro Fac Ext Fac Upp Upp Res Res Acc Combat Hostiles Destroyed 305 | . 15 7 27 3 . 5 21 40 16 3 . 3 7 5 . 9 30 13 44 8 3 20 17 9 Melee 1 | . . . . . . . . . . . . . . . . . . . . . . 1 . . Guns 161 | . 15 7 27 3 . 5 21 38 13 3 . 1 . . . . . . 6 4 1 8 7 2 Cannons 129 | . . . . . . . . . . . . 2 7 5 . 9 30 11 38 4 2 11 6 4 AOE 12 | . . . . . . . . 2 3 . . . . . . . . 2 . . . . 2 3 Classes Destroyed 17 | . 3 1 6 . . 1 . 3 . . . 2 . . . . . . . . . . 1 . Worker 13 | . . . 1 . . . 3 3 . . . . . . . . 1 . 2 . . 2 1 . Builder 16 | . . 1 . . . . 3 2 1 . . . . . . . 2 . 4 . . 2 1 . Tunneler 2 | . . . . . . . . . . . . 1 . . . . . 1 . . . . . . Hauler 8 | . . . 3 . . . 1 . 1 . . . . . . . 2 . . . . . . 1 Recycler 6 | . . . . . . . . 2 . . . . . . . . 2 2 . . . . . . Mechanic 2 | . . . . . . . . 1 . . . . . . . . . . 1 . . . . . Operator 20 | . . . 2 . . . 1 4 . 1 . 1 . . . . 1 1 5 . . 2 2 . Watcher 52 | . 3 . 5 . . . . 6 2 1 . 3 . . . . 5 3 9 . . 8 6 1 Swarmer 72 | . 9 5 7 3 . 4 3 2 4 . . . 1 2 . . 2 . 18 3 . . 4 5 Cutter 7 | . . . . . . . . . . . . . . . . . . . . . . . 7 . Grunt 99 | . 6 2 9 . . . 10 25 4 . . . 3 2 . 3 12 7 10 1 1 1 . 3 Brawler 5 | . . . 2 . . . . 2 . . . . . . . . . . 1 . . . . . Duelist 5 | . . . 1 . . . . . . . . . . . . 1 1 2 . . . . . . Sentry 68 | . . . 8 . . . 8 8 8 3 . 1 1 1 . . 7 4 7 1 . 7 3 1 Hunter 30 | . . . . . . 1 . 2 . . . 1 . . . 4 3 . 6 2 . 9 2 . Programmer 17 | . . . . . . . . 1 . . . . 1 . . 1 5 . 2 1 2 3 1 . Behemoth 2 | . . . . . . . . . . . . 1 1 . . . . . . . . . . . Thug 2 | . . . . . . . . . . . . . 1 . . . 1 . . . . . . . Best Kill Streak 15 | . 7 2 5 3 . 4 7 9 6 2 . 4 5 3 . 3 7 3 15 4 2 6 7 5 Combat Bots Only 8 | . 7 2 5 3 . 4 5 4 5 1 . 1 5 3 . 3 6 2 8 3 2 5 5 5 Max Kills in Single Turn 4 | . 2 2 2 1 . 2 2 2 3 1 . 1 3 1 . 1 3 3 2 1 1 2 3 4 Gunslinging 1 | . 1 1 . . . 1 . 1 . . . . . . . . . . . . . . . . Exploded 3 | . . . . . . . . 1 3 . . . . . . . . 2 . . . . 2 3 Melee 1 | . . . . . . . . . . . . . . . . . . . . . . 1 . . Uniques/NPCs Destroyed . | . . . . . . . . . . . . . . . . . . . . . . . . . Combat | -11 -10 -10 -9 -9 -9 -8 -8 -7 -7 -6 -6 -6 -6 -6 -6 -5 -5 -5 -4 -4 -4 -3 -2 -1 -------- Run | Yrd Mat Min Mat Min Exi Min Mat Fac Sto Fac Was Fac Low Low Zio Pro Fac Ext Fac Upp Upp Res Res Acc Hostile Shots Fired 1675 | . 58 25 112 10 . 51 86 192 235 60 . 12 16 26 . 30 95 35 186 63 9 213 142 19 Missed 811 | . 22 11 28 5 . 12 31 87 112 30 . 8 8 10 . 11 44 18 122 36 4 112 89 11 Damage Taken 10857 | . 305 134 1218 26 . 315 632 1074 862 145 . 136 188 117 . 343 858 251 1135 322 82 1515 1041 158 Core 8290 | . 240 105 900 19 . 229 394 766 636 99 . 112 134 86 . 271 701 196 918 252 66 1216 823 127 Absorbed by Shields 84 | . . . . . . . . . . . . . . . . . 20 64 . . . . . . Redirected to Core 6968 | . 199 93 713 19 . 196 374 583 558 83 . 85 118 68 . 237 550 186 750 232 51 1040 726 107 Redirected to Shielding 228 | . . . . . . . 119 109 . . . . . . . . . . . . . . . . Ignored by Resistances 3298 | . 98 42 250 10 . 95 178 323 280 54 . 38 51 36 . 95 238 87 320 92 24 419 519 49 Core Remaining (%) 80 | 100 . 100 . . . 61 100 . 81 . . . . . . 100 . 100 . . 99 49 37 57 Volleys Fired 998 | . 29 14 89 5 . 18 87 146 47 22 17 16 12 21 . 22 91 48 129 31 8 83 45 18 Largest 2 | . 2 2 2 1 . 2 2 2 2 2 2 2 2 2 . 2 2 2 2 2 2 2 2 2 Hottest 118 | . 46 46 46 23 . 46 56 56 56 58 58 87 114 114 . 114 118 118 118 96 96 106 106 115 Shots Fired 1882 | . 58 28 149 5 . 32 150 284 92 44 34 32 24 28 . 44 182 94 242 57 16 165 87 35 Gun 1141 | . 58 28 149 5 . 32 150 278 91 44 34 16 . . . . . . 81 26 8 83 42 16 Cannon 719 | . . . . . . . . . . . . 16 24 28 . 44 182 81 161 31 8 82 44 18 Launcher 22 | . . . . . . . . 6 1 . . . . . . . . 13 . . . . 1 1 Special . | . . . . . . . . . . . . . . . . . . . . . . . . . Kinetic 1860 | . 58 28 149 5 . 32 150 278 91 44 34 32 24 28 . 44 182 81 242 57 16 165 86 34 Thermal . | . . . . . . . . . . . . . . . . . . . . . . . . . Explosive 22 | . . . . . . . . 6 1 . . . . . . . . 13 . . . . 1 1 Electromagnetic . | . . . . . . . . . . . . . . . . . . . . . . . . . Robot Hit Streak 89 | . 12 6 89 4 . 31 38 48 50 25 13 11 19 12 . 14 26 28 72 48 10 33 42 27 Robot Miss Streak 4 | . 3 2 1 1 . 1 2 2 3 1 1 3 1 4 . 2 2 1 2 1 1 1 1 1 Penetration Max 2 | . . . . . . . 1 1 1 . . 1 1 1 . 1 2 1 2 . . 2 2 1 Secondary Targets 11 | . 3 1 1 . . 1 2 3 . . . . . . . . . . . . . . . . Max Gunslinging Chain 1 | . 1 1 1 . . 1 1 1 . . . . . . . . . . . . . . . . Shots Hit Robots 1567 | . 47 23 130 4 . 31 129 239 76 38 31 22 20 22 . 29 141 71 199 47 10 149 79 30 Core Hits 680 | . 25 11 60 3 . 7 48 107 35 10 5 9 10 9 . 11 61 42 88 16 5 62 39 17 Critical Kills 141 | . . . . . . . 1 4 . 1 . 3 5 4 . 9 34 10 34 3 2 18 12 1 Critical Parts Destroyed 189 | . . . . . . . 1 2 2 2 . 2 4 6 . 9 41 22 53 9 3 20 6 7 Critical Strikes 365 | . . . . . . . 2 6 2 3 1 8 13 11 . 19 83 35 91 12 5 40 26 8 Destroy 357 | . . . . . . . 2 6 2 3 1 8 13 11 . 19 83 35 91 12 5 38 20 8 Blast 6 | . . . . . . . . . . . . . . . . . . . . . . 1 5 . Sever 2 | . . . . . . . . . . . . . . . . . . . . . . 1 1 . Melee Attacks 47 | . . . . . . . . 2 3 . 1 1 . 2 . . 5 . 9 . . 9 15 . Impact . | . . . . . . . . . . . . . . . . . . . . . . . . . Slashing 47 | . . . . . . . . 2 3 . 1 1 . 2 . . 5 . 9 . . 9 15 . Piercing . | . . . . . . . . . . . . . . . . . . . . . . . . . Sneak Attacks 1 | . . . . . . . . . 1 . . . . . . . . . . . . . . . Combat Hostiles . | . . . . . . . . . . . . . . . . . . . . . . . . . Follow-up Attacks . | . . . . . . . . . . . . . . . . . . . . . . . . . Damage Inflicted 39030 | . 714 382 2001 62 . 399 2096 4975 2255 808 850 611 632 573 . 882 3660 2748 5072 1313 401 4184 2967 1445 Guns 20061 | . 714 378 1994 62 . 399 2096 4294 1904 808 772 410 . . . . . . 2411 833 244 1914 607 221 Cannons 15013 | . . . . . . . . . . . . 201 632 544 . 882 3363 1332 2661 480 157 2130 1719 912 Explosions 3277 | . . . . . . . . 681 261 . . . . . . . 297 1416 . . . . 310 312 Melee 668 | . . . . . . . . . 90 . 78 . . 29 . . . . . . . 140 331 . Ramming 11 | . . 4 7 . . . . . . . . . . . . . . . . . . . . . Kinetic 35074 | . 714 378 1994 62 . 399 2096 4294 1904 808 772 611 632 544 . 882 3363 1332 5072 1313 401 4044 2326 1133 Thermal 297 | . . . . . . . . . . . . . . . . . 297 . . . . . . . Explosive 2980 | . . . . . . . . 681 261 . . . . . . . . 1416 . . . . 310 312 Electromagnetic . | . . . . . . . . . . . . . . . . . . . . . . . . . Impact . | . . . . . . . . . . . . . . . . . . . . . . . . . Slashing 668 | . . . . . . . . . 90 . 78 . . 29 . . . . . . . 140 331 . Piercing . | . . . . . . . . . . . . . . . . . . . . . . . . . Highest Corruption 2 | . . . . . . . . . . . . . . . . . 1 1 . . . 2 . . Average Corruption 1 | . . . . . . . . . . . . . . . . . 1 1 . . . 1 . . Corruption Purged . | . . . . . . . . . . . . . . . . . . . . . . . . . Corruption Blocked . | . . . . . . . . . . . . . . . . . . . . . . . . . Effects 14 | . . . . . . . . . . . . . . . . . 1 5 . . . 8 . . Message Errors 3 | . . . . . . . . . . . . . . . . . 1 . . . . 2 . . Matter Fused 1 | . . . . . . . . . . . . . . . . . . 1 . . . . . . Energy Discharges 4 | . . . . . . . . . . . . . . . . . . 1 . . . 3 . . Parts Rejected 1 | . . . . . . . . . . . . . . . . . . . . . . 1 . . Data Loss (minor) 3 | . . . . . . . . . . . . . . . . . . 1 . . . 2 . . Data Loss (major) 1 | . . . . . . . . . . . . . . . . . . 1 . . . . . . Weapon Failures 1 | . . . . . . . . . . . . . . . . . . 1 . . . . . . Overload Shots . | . . . . . . . . . . . . . . . . . . . . . . . . . Overflow Damage 446 | . . . . . . . . 40 30 . . 25 . 2 . 38 66 44 39 . . 75 14 73 Projectiles 248 | . . . . . . . . . . . . 25 . 2 . 38 34 19 39 . . 75 14 2 Explosions 168 | . . . . . . . . 40 . . . . . . . . 32 25 . . . . . 71 Melee 30 | . . . . . . . . . 30 . . . . . . . . . . . . . . . Knockbacks 93 | . . . . . . . . . . . . 4 4 4 . 4 15 8 23 3 2 18 6 2 Impact . | . . . . . . . . . . . . . . . . . . . . . . . . . Kinetic 91 | . . . . . . . . . . . . 4 4 4 . 4 14 8 23 3 2 17 6 2 Secondary 2 | . . . . . . . . . . . . . . . . . 1 . . . . 1 . . Self-Inflicted Damage 170 | . . . . . . . . 105 . . . . . . . . 65 . . . . . . . Shots 3 | . . . . . . . . 2 . . . . . . . . 1 . . . . . . . Rammed 9 | . 3 1 5 . . . . . . . . . . . . . . . . . . . . . Targets Rammed 9 | . 3 1 5 . . . . . . . . . . . . . . . . . . . . . Kicked . | . . . . . . . . . . . . . . . . . . . . . . . . . Crushed . | . . . . . . . . . . . . . . . . . . . . . . . . . Highest Temperature 401 | . 15 7 354 12 . . . . . . . . 8 9 . . . . 12 10 . 6 401 24 Average Temperature 75 | . 3 3 83 7 . . . . . . . . 8 3 . . . . 6 10 . 6 125 9 Received Heat Transfer 2815 | . 144 102 342 . . . 360 465 447 36 . . 75 106 . 81 174 116 156 37 . 102 36 36 Effects 7 | . . . 7 . . . . . . . . . . . . . . . . . . . . . Shutdowns 1 | . . . 1 . . . . . . . . . . . . . . . . . . . . . Energy Bleed 1 | . . . 1 . . . . . . . . . . . . . . . . . . . . . Interference 4 | . . . 4 . . . . . . . . . . . . . . . . . . . . . Short Circuit 1 | . . . 1 . . . . . . . . . . . . . . . . . . . . . Siege Activations . | . . . . . . . . . . . . . . . . . . . . . . . . . Robots Corrupted . | . . . . . . . . . . . . . . . . . . . . . . . . . Combat Hostiles . | . . . . . . . . . . . . . . . . . . . . . . . . . Parts Fried . | . . . . . . . . . . . . . . . . . . . . . . . . . Impact Corruptions . | . . . . . . . . . . . . . . . . . . . . . . . . . Robots Melted . | . . . . . . . . . . . . . . . . . . . . . . . . . Combat Hostiles . | . . . . . . . . . . . . . . . . . . . . . . . . . Parts Melted 2 | . . . . . . . . . . . . 1 . . . 1 . . . . . . . . Heat Transferred 200 | . . . . . . . . . . . . . . . . . 200 . . . . . . . Parts Sabotaged . | . . . . . . . . . . . . . . . . . . . . . . . . . Parts Stolen 1 | . . . . . . . . . . . . . . 1 . . . . . . . . . . Parts Stripped . | . . . . . . . . . . . . . . . . . . . . . . . . . Power Chain Reactions . | . . . . . . . . . . . . . . . . . . . . . . . . . Alert | -11 -10 -10 -9 -9 -9 -8 -8 -7 -7 -6 -6 -6 -6 -6 -6 -5 -5 -5 -4 -4 -4 -3 -2 -1 ------- Run | Yrd Mat Min Mat Min Exi Min Mat Fac Sto Fac Was Fac Low Low Zio Pro Fac Ext Fac Upp Upp Res Res Acc Peak Influence 806 | . 282 122 304 97 . 135 562 577 634 247 56 270 . . . . 806 585 650 . . 675 709 466 Initial 330 | . . . . 22 . . 44 102 39 247 56 34 . . . . 254 107 . . . 226 330 132 Average 217 | . 107 53 85 63 . 58 335 375 379 126 56 159 . . . . 205 244 292 . . 315 359 267 Maximum Alert Level 3 | . 1 . 1 . . . 2 2 2 1 . 1 . . . . 3 2 2 . . 2 3 2 Low Security (%) 53 | 100 81 100 87 100 . 100 22 11 13 81 100 72 . . . . 64 39 35 . . 23 5 47 Level 1 26 | . 18 . 12 . . . 37 37 42 18 . 27 . . . . 24 32 30 . . 34 69 33 Level 2 19 | . . . . . . . 40 50 43 . . . . . . . 4 27 33 . . 41 25 19 Level 3 . | . . . . . . . . . . . . . . . . . 5 . . . . . . . Level 4 . | . . . . . . . . . . . . . . . . . . . . . . . . . Level 5 . | . . . . . . . . . . . . . . . . . . . . . . . . . High Security . | . . . . . . . . . . . . . . . . . . . . . . . . . Max Security . | . . . . . . . . . . . . . . . . . . . . . . . . . Squads Dispatched 64 | . 1 . 3 . . . 4 11 3 2 . 1 . . . 1 11 1 9 . . 8 8 1 Investigation 27 | . 1 . 1 . . . 1 6 . 1 . 1 . . . . 7 . 4 . . 3 2 . Extermination 8 | . . . . . . . . 3 . . . . . . . . 2 . 1 . . 1 1 . Reinforcement 20 | . . . 2 . . . 1 1 2 1 . . . . . . 2 1 4 . . 1 4 1 Assault 4 | . . . . . . . . . . . . . . . . 1 . . . . . 2 1 . Garrison 5 | . . . . . . . 2 1 1 . . . . . . . . . . . . 1 . . Intercept . | . . . . . . . . . . . . . . . . . . . . . . . . . Searches Triggered . | . . . . . . . . . . . . . . . . . . . . . . . . . Construction Impeded 7 | . . . . . . . . . 1 . . . . . . . 1 1 2 . . 1 1 . Haulers Reinforced 5 | . . . . . . . . . 1 1 . . . . . . . . 2 . . . . 1 Active Scanning Responses . | . . . . . . . . . . . . . . . . . . . . . . . . . Cargo Convoy Interrupts . | . . . . . . . . . . . . . . . . . . . . . . . . . Stealth | -11 -10 -10 -9 -9 -9 -8 -8 -7 -7 -6 -6 -6 -6 -6 -6 -5 -5 -5 -4 -4 -4 -3 -2 -1 --------- Run | Yrd Mat Min Mat Min Exi Min Mat Fac Sto Fac Was Fac Low Low Zio Pro Fac Ext Fac Upp Upp Res Res Acc Distress Signals 21 | . 1 . 2 . . . 3 4 1 1 . . . . . . 1 2 4 . . 1 . 1 Communications Jammed . | . . . . . . . . . . . . . . . . . . . . . . . . . Distress Signals . | . . . . . . . . . . . . . . . . . . . . . . . . . Times Spotted 463 | . 22 12 47 4 . 5 22 50 17 7 . 6 8 9 . 18 40 28 58 9 3 51 37 10 Peak Tracking Total 13 | . 7 2 5 4 . 4 5 5 5 2 . 2 7 4 . 7 4 8 6 4 2 13 9 5 Tactical Retreats 36 | . 4 1 6 1 . . 2 2 . 1 . . . . . . 4 1 4 . . 4 6 . Traps | -11 -10 -10 -9 -9 -9 -8 -8 -7 -7 -6 -6 -6 -6 -6 -6 -5 -5 -5 -4 -4 -4 -3 -2 -1 ------- Run | Yrd Mat Min Mat Min Exi Min Mat Fac Sto Fac Was Fac Low Low Zio Pro Fac Ext Fac Upp Upp Res Res Acc Traps Triggered 25 | . 2 . 2 . . . . 5 . 1 . 2 . . . . 3 2 3 . . 3 2 . Indirectly . | . . . . . . . . . . . . . . . . . . . . . . . . . Trap Hack Attempts . | . . . . . . . . . . . . . . . . . . . . . . . . . Triggered . | . . . . . . . . . . . . . . . . . . . . . . . . . Disarmed 36 | . 6 . 8 . . . . 7 6 4 . . . . . . 1 . 4 . . . . . Reprogrammed . | . . . . . . . . . . . . . . . . . . . . . . . . . Reused . | . . . . . . . . . . . . . . . . . . . . . . . . . Traps Extracted . | . . . . . . . . . . . . . . . . . . . . . . . . . Installed . | . . . . . . . . . . . . . . . . . . . . . . . . . Triggered 4 | . . . . . . . . . . . . . . . . 1 . . . 1 2 . . . Machines | -11 -10 -10 -9 -9 -9 -8 -8 -7 -7 -6 -6 -6 -6 -6 -6 -5 -5 -5 -4 -4 -4 -3 -2 -1 ---------- Run | Yrd Mat Min Mat Min Exi Min Mat Fac Sto Fac Was Fac Low Low Zio Pro Fac Ext Fac Upp Upp Res Res Acc Machines Disabled 45 | . . . 1 . . . 1 6 5 . . . 2 1 . 1 5 2 20 . . 1 . . Max in Single Turn 6 | . . . . . . . 1 6 1 . . . 1 1 . 1 1 1 3 . . 1 . . Garrison Access 15 | . . . . . . . 1 2 1 1 . 1 . . . . 3 . 2 . . 1 2 1 Machines Repaired . | . . . . . . . . . . . . . . . . . . . . . . . . . Machines Dismantled . | . . . . . . . . . . . . . . . . . . . . . . . . . Machines Sabotaged . | . . . . . . . . . . . . . . . . . . . . . . . . . Overloaded Fab Kills . | . . . . . . . . . . . . . . . . . . . . . . . . . Hacking | -11 -10 -10 -9 -9 -9 -8 -8 -7 -7 -6 -6 -6 -6 -6 -6 -5 -5 -5 -4 -4 -4 -3 -2 -1 --------- Run | Yrd Mat Min Mat Min Exi Min Mat Fac Sto Fac Was Fac Low Low Zio Pro Fac Ext Fac Upp Upp Res Res Acc Machines Accessed 152 | . 8 . 10 . 1 . 9 26 4 6 . 5 2 3 . . 20 14 19 . . 10 11 4 Terminals 115 | . 8 . 10 . . . 7 19 3 5 . 3 1 1 . . 11 14 13 . . 8 9 3 Fabricators 14 | . . . . . . . . 5 . . . 1 . . . . 4 . 3 . . 1 . . Repair Stations . | . . . . . . . . . . . . . . . . . . . . . . . . . Recycling Units 2 | . . . . . . . . . . . . . . . . . 1 . 1 . . . . . Scanalyzers 1 | . . . . . . . 1 . . . . . . . . . . . . . . . . . Garrison Access 16 | . . . . . . . 1 2 1 1 . 1 . . . . 4 . 2 . . 1 2 1 Total Hacks 413 | . 21 . 33 . 1 . 26 56 14 15 . 14 5 3 . . 54 31 78 . . 26 28 8 Successful 234 | . 8 . 19 . 1 . 15 29 6 9 . 12 5 3 . . 36 23 37 . . 15 10 6 Failed 179 | . 13 . 14 . . . 11 27 8 6 . 2 . . . . 18 8 41 . . 11 18 2 Catastrophic 27 | . 1 . 1 . . . 3 5 1 1 . 1 . . . . 3 2 2 . . 3 4 . Database Lockouts . | . . . . . . . . . . . . . . . . . . . . . . . . . Manual 223 | . 15 . 10 . 1 . 17 29 11 6 . 3 . . . . 23 15 52 . . 19 22 . Terminals 347 | . 21 . 33 . . . 22 41 12 14 . 11 4 1 . . 37 31 66 . . 23 24 7 Fabricators 34 | . . . . . . . . 13 . . . 2 . . . . 9 . 8 . . 2 . . Repair Stations . | . . . . . . . . . . . . . . . . . . . . . . . . . Recycling Units 3 | . . . . . . . . . . . . . . . . . 1 . 2 . . . . . Scanalyzers 3 | . . . . . . . 3 . . . . . . . . . . . . . . . . . Garrison Access 22 | . . . . . . . 1 2 2 1 . 1 . . . . 7 . 2 . . 1 4 1 Terminal Hacks 180 | . 7 . 17 . 1 . 10 15 5 8 . 9 5 3 . . 24 23 28 . . 12 8 5 Record 12 | . . . . . . . . . . . . 3 4 2 . . . . . . . 1 1 1 Part Schematic 11 | . . . . . . . . 2 . 1 . . . . . . 4 . 2 . . 2 . . Robot Schematic 1 | . . . . . . . . . . . . . . . . . . . 1 . . . . . Prototype ID Bank 13 | . 1 . 1 . . . 1 3 . 1 . 2 . . . . 1 1 2 . . . . . Open Door 17 | . . . . . . . . . 2 . . . 1 1 . . 1 11 . . . . . 1 Open DSF 3 | . . . . . . . . 1 . 1 . . . . . . 1 . . . . . . . Level Access Points 4 | . . . . . . . . . 1 . . . . . . . . . 1 . . 1 . 1 Branch Access Points 5 | . . . 1 . . . . . . 1 . 1 . . . . . . 1 . . . . 1 Emergency Access Points 3 | . . . 1 . . . . . . . . 1 . . . . . . . . . . 1 . Machine Index 5 | . . . . . . . . . . . . 1 . . . . 1 . 1 . . 1 1 . Terminal Index 3 | . 1 . 1 . . . 1 . . . . . . . . . . . . . . . . . Garrison Index 2 | . . . . . . . 1 . . . . . . . . . . . . . . . . 1 Alert Level 14 | . 1 . 1 . . . 2 1 1 1 . 1 . . . . 3 2 . . . 1 . . Unreport Threat 37 | . . . 1 . . . 2 4 . 2 . . . . . . 5 7 9 . . 3 4 . Locate Traps 4 | . 1 . 1 . . . . . . . . . . . . . 1 1 . . . . . . Disarm Traps 12 | . 1 . 3 . . . . 2 1 1 . . . . . . 1 . 3 . . . . . Dispatch Records 3 | . . . 1 . . . . . . . . . . . . . 1 . 1 . . . . . Maintenance Status 1 | . . . 1 . . . . . . . . . . . . . . . . . . . . . Surveillance Status 1 | . . . . . . . 1 . . . . . . . . . . . . . . . . . Patrol Status 3 | . 1 . 1 . . . . . . . . . . . . . . 1 . . . . . . Investigation Status 1 | . . . 1 . . . . . . . . . . . . . . . . . . . . . Recall Investigation 8 | . . . . . . . . 1 . . . . . . . . 3 . 3 . . 1 . . Recall Extermination 2 | . . . . . . . . 1 . . . . . . . . . . 1 . . . . . Recall Reinforcements 4 | . . . . . . . . . . . . . . . . . 1 . 2 . . 1 . . Recall Assault 2 | . . . . . . . . . . . . . . . . . . . . . . 1 1 . Hauler Manifests 5 | . 1 . 2 . . . 2 . . . . . . . . . . . . . . . . . Registered Components 1 | . . . 1 . . . . . . . . . . . . . . . . . . . . . Registered Prototypes 2 | . . . . . . . . . . . . . . . . . 1 . 1 . . . . . Derelict Proto ID Bank 1 | . . . . . 1 . . . . . . . . . . . . . . . . . . . Fabricator Hacks 29 | . . . . . . . . 11 . . . 2 . . . . 8 . 6 . . 2 . . Network Status 2 | . . . . . . . . 1 . . . . . . . . . . 1 . . . . . Load Schematic 14 | . . . . . . . . 5 . . . 1 . . . . 4 . 3 . . 1 . . Build 13 | . . . . . . . . 5 . . . 1 . . . . 4 . 2 . . 1 . . Repair Station Hacks . | . . . . . . . . . . . . . . . . . . . . . . . . . Recycling Unit Hacks . | . . . . . . . . . . . . . . . . . . . . . . . . . Scanalyzer 3 | . . . . . . . 3 . . . . . . . . . . . . . . . . . Insert Component 1 | . . . . . . . 1 . . . . . . . . . . . . . . . . . Analyze 2 | . . . . . . . 2 . . . . . . . . . . . . . . . . . Garrison Access Hacks 15 | . . . . . . . 1 2 1 1 . 1 . . . . 3 . 2 . . 1 2 1 Seal Access 15 | . . . . . . . 1 2 1 1 . 1 . . . . 3 . 2 . . 1 2 1 Unauthorized Hacks 7 | . 1 . 2 . . . 1 1 . . . . . . . . 1 . 1 . . . . . Terminals 5 | . 1 . 2 . . . 1 1 . . . . . . . . . . . . . . . . Assimilate 1 | . . . . . . . . 1 . . . . . . . . . . . . . . . . Operators 4 | . 1 . 2 . . . 1 . . . . . . . . . . . . . . . . . Fabricators . | . . . . . . . . . . . . . . . . . . . . . . . . . Repair Stations . | . . . . . . . . . . . . . . . . . . . . . . . . . Recycling Units 2 | . . . . . . . . . . . . . . . . . 1 . 1 . . . . . Tunnel 2 | . . . . . . . . . . . . . . . . . 1 . 1 . . . . . Scanalyzers . | . . . . . . . . . . . . . . . . . . . . . . . . . Garrison Access . | . . . . . . . . . . . . . . . . . . . . . . . . . Data Cores Recovered 14 | . . . . . . . . 3 . 1 . 1 . . . . . 1 5 . . 1 2 . Used 7 | . . . . . . . . 2 . 1 . . . . . . . 1 3 . . . . . Hacking Detections 109 | . 8 . 9 . . . 6 23 1 4 . 4 1 . . . 13 5 14 . . 9 9 3 Full Trace Events 21 | . . . 1 . . . . 5 . 1 . 1 1 . . . 5 . 3 . . 2 2 . Feedback Events 1 | . . . . . . . . . . . . . . . . . . . . . . 1 . . Hackware Fried 1 | . . . . . . . . . . . . . . . . . . . . . . 1 . . Feedback Blocked . | . . . . . . . . . . . . . . . . . . . . . . . . . Robot Schematics Acquired 4 | . . . . . . . . . . . . . . . 3 . . . 1 . . . . . Robots Built . | . . . . . . . . . . . . . . . . . . . . . . . . . Authchips . | . . . . . . . . . . . . . . . . . . . . . . . . . Time . | . . . . . . . . . . . . . . . . . . . . . . . . . Total Robot Build Rating . | . . . . . . . . . . . . . . . . . . . . . . . . . Part Schematics Acquired 26 | . . . . . . . 1 2 . . . . . . 15 . 4 . 2 . . 2 . . Parts Built 12 | . . . . . . . . 4 . . . 1 . . . . 4 . 2 . . 1 . . Authchips . | . . . . . . . . . . . . . . . . . . . . . . . . . Time 912 | . . . . . . . . 428 . . . 67 . . . . 249 . 112 . . 56 . . Total Part Build Rating 58 | . . . . . . . . 15 . . . 4 . . . . 21 . 12 . . 6 . . Parts Repaired . | . . . . . . . . . . . . . . . . . . . . . . . . . Time . | . . . . . . . . . . . . . . . . . . . . . . . . . Parts Recycled . | . . . . . . . . . . . . . . . . . . . . . . . . . Recycled Matter . | . . . . . . . . . . . . . . . . . . . . . . . . . Retrieved Matter . | . . . . . . . . . . . . . . . . . . . . . . . . . Retrieved Components . | . . . . . . . . . . . . . . . . . . . . . . . . . Parts Scanalyzed 1 | . . . . . . . 1 . . . . . . . . . . . . . . . . . Part Schematics Acquired 1 | . . . . . . . 1 . . . . . . . . . . . . . . . . . Parts Damaged 1 | . . . . . . . 1 . . . . . . . . . . . . . . . . . Bothacking | -11 -10 -10 -9 -9 -9 -8 -8 -7 -7 -6 -6 -6 -6 -6 -6 -5 -5 -5 -4 -4 -4 -3 -2 -1 ------------ Run | Yrd Mat Min Mat Min Exi Min Mat Fac Sto Fac Was Fac Low Low Zio Pro Fac Ext Fac Upp Upp Res Res Acc Used RIF Installer . | . . . . . . . . . . . . . . . . . . . . . . . . . Robots Hacked . | . . . . . . . . . . . . . . . . . . . . . . . . . Non-combat . | . . . . . . . . . . . . . . . . . . . . . . . . . Combat . | . . . . . . . . . . . . . . . . . . . . . . . . . Robot Hacks Applied . | . . . . . . . . . . . . . . . . . . . . . . . . . Relay Couplers Released . | . . . . . . . . . . . . . . . . . . . . . . . . . Fabnet Peak Effective % . | . . . . . . . . . . . . . . . . . . . . . . . . . Robots Rewired . | . . . . . . . . . . . . . . . . . . . . . . . . . Allies Hacked . | . . . . . . . . . . . . . . . . . . . . . . . . . Hacks Repelled 1 | . . . . . . . . . . . . . . . . 1 . . . . . . . . Allies | -11 -10 -10 -9 -9 -9 -8 -8 -7 -7 -6 -6 -6 -6 -6 -6 -5 -5 -5 -4 -4 -4 -3 -2 -1 -------- Run | Yrd Mat Min Mat Min Exi Min Mat Fac Sto Fac Was Fac Low Low Zio Pro Fac Ext Fac Upp Upp Res Res Acc Total Allies 41 | . . 3 . . . . . 4 . . 20 . . . . . . 14 . . . . . . Largest Group 20 | . . 3 2 . . . . 3 . . 20 20 18 12 11 11 7 13 8 . . . . . Highest-Rated Group 745 | . . 72 41 . . . . 93 . . 745 745 668 453 407 398 248 511 376 . . . . . Highest-Rated Ally 159 | . . 31 31 . . . . 31 . . 46 46 46 46 46 46 46 159 143 . . . . . Total Orders . | . . . . . . . . . . . . . . . . . . . . . . . . . Ally Attacks 420 | . . 6 15 . . . . 29 . . . 43 43 26 . 62 30 73 93 . . . . . Total Damage 8960 | . . 85 213 . . . . 421 . . . 964 1039 547 . 1605 576 1586 1924 . . . . . Kills 57 | . . 2 4 . . . . 4 . . . 4 2 4 . 8 3 14 12 . . . . . Allies Corrupted 4 | . . . . . . . . . . . . 2 . 1 . . . . 1 . . . . . Allies Melted 1 | . . . . . . . . . . . . . 1 . . . . . . . . . . . Intel | -11 -10 -10 -9 -9 -9 -8 -8 -7 -7 -6 -6 -6 -6 -6 -6 -5 -5 -5 -4 -4 -4 -3 -2 -1 ------- Run | Yrd Mat Min Mat Min Exi Min Mat Fac Sto Fac Was Fac Low Low Zio Pro Fac Ext Fac Upp Upp Res Res Acc Robot Analysis Total . | . . . . . . . . . . . . . . . . . . . . . . . . . Derelict Logs Recovered 11 | . . 2 . . . . . . . . . . . 2 2 2 . . . 2 1 . . . Drone Launches . | . . . . . . . . . . . . . . . . . . . . . . . . . Drone Recoveries . | . . . . . . . . . . . . . . . . . . . . . . . . . Exploration | -11 -10 -10 -9 -9 -9 -8 -8 -7 -7 -6 -6 -6 -6 -6 -6 -5 -5 -5 -4 -4 -4 -3 -2 -1 ------------- Run | Yrd Mat Min Mat Min Exi Min Mat Fac Sto Fac Was Fac Low Low Zio Pro Fac Ext Fac Upp Upp Res Res Acc Turns Passed 16868 | 56 1408 1030 2460 45 57 121 610 1922 324 254 216 531 440 556 373 318 1455 632 1610 320 80 1054 828 168 Spaces Moved 28319 | 35 789 605 1807 111 210 261 920 3873 505 661 363 1180 920 1428 961 531 2808 1029 3655 942 221 1955 2167 382 Core 7 | 7 . . . . . . . . . . . . . . . . . . . . . . . . Treads 2579 | 28 789 605 1157 . . . . . . . . . . . . . . . . . . . . . Legs . | . . . . . . . . . . . . . . . . . . . . . . . . . Wheels . | . . . . . . . . . . . . . . . . . . . . . . . . . Hover . | . . . . . . . . . . . . . . . . . . . . . . . . . Flight 25733 | . . . 650 111 210 261 920 3873 505 661 363 1180 920 1428 961 531 2808 1029 3655 942 221 1955 2167 382 Fastest Speed 17 | 50 160 160 26 26 26 26 26 20 26 26 26 23 23 17 23 23 20 23 22 22 22 20 20 25 Average Speed 36 | 138 160 160 113 28 26 26 26 25 26 26 26 25 23 23 23 23 23 23 22 22 22 21 22 25 Slowest Speed 160 | 160 160 160 160 32 26 26 26 26 26 26 26 26 23 26 23 23 27 23 26 22 22 26 28 25 Overloaded Moves 136 | . . . . . . . . 2 . . . 1 . 127 . . 6 . . . . . . . Propulsion Burnouts . | . . . . . . . . . . . . . . . . . . . . . . . . . Robots Hopped 169 | . . . 11 . . . 9 29 6 1 . 2 . . . . 19 2 37 . 2 38 11 2 Cave-ins Triggered 1 | . . . 1 . . . . . . . . . . . . . . . . . . . . . Exploration Rate (%) 63 | 3 97 97 99 16 41 84 75 91 75 19 97 26 87 96 85 66 64 92 56 85 31 43 56 13 Regions Visited 24 Branch Regions 12 Pre-discovered Areas 9 | . . 2 . . . . . . . . . . . 1 1 1 1 . 1 1 1 . . . Known Exits Taken 21 | . 1 1 1 1 1 1 1 1 1 . . 1 1 1 1 1 1 1 1 1 1 1 1 . Unknown Exits Taken 1 | 1 . . . . . . . . . . . . . . . . . . . . . . . . Scrap Searched 20 | . . 2 . . . 1 . . . . . . 3 4 5 1 . . . 3 1 . . . Spaces Dug 29 | . . . . . . . . 2 . . . 1 . . . 1 5 . 9 . . 4 7 . Terrain Destroyed 569 | . . . . . . . 9 58 52 2 . 10 7 9 . 24 89 91 72 18 10 59 36 23 Melee 28 | . . . . . . . . 2 . . . 1 . . . . 5 . 9 . . 4 7 . Projectile 317 | . . . . . . . 8 4 36 2 . 9 7 9 . 24 58 12 44 18 10 55 17 4 AOE 218 | . . . . . . . . 48 16 . . . . . . . 26 79 18 . . . 12 19 Terrain Rammed . | . . . . . . . . . . . . . . . . . . . . . . . . . Walls Destroyed . | . . . . . . . . . . . . . . . . . . . . . . . . . Machines Disabled . | . . . . . . . . . . . . . . . . . . . . . . . . . Actions | -11 -10 -10 -9 -9 -9 -8 -8 -7 -7 -6 -6 -6 -6 -6 -6 -5 -5 -5 -4 -4 -4 -3 -2 -1 --------- Run | Yrd Mat Min Mat Min Exi Min Mat Fac Sto Fac Was Fac Low Low Zio Pro Fac Ext Fac Upp Upp Res Res Acc Total 32723 | 42 875 639 2057 118 211 280 1132 4469 591 697 446 1371 1123 1617 1112 682 3393 1322 4140 998 233 2379 2381 415 Wait 2615 | . 26 9 75 1 . 1 72 361 11 . 47 161 184 152 141 108 420 189 265 7 1 299 85 . Move 27970 | 34 788 604 1784 110 209 260 901 3819 492 659 362 1175 919 1427 960 530 2768 1024 3583 941 216 1883 2145 377 Hop 155 | . . . 11 . . . 9 24 6 1 . 2 . . . . 19 2 34 . 2 33 10 2 Pick Up 80 | 3 5 1 12 . . . 5 5 1 2 1 1 . . 1 1 2 2 11 2 . 6 17 2 Fast Attach 56 | 2 2 . 4 . 1 . 1 4 . 1 . 3 . 1 4 . 8 . 8 . . 14 3 . Attach 24 | 3 . . 3 . . . 1 2 . . . . . . . 1 . . 2 . . 3 9 . Detach . | . . . . . . . . . . . . . . . . . . . . . . . . . Swap 92 | . 2 . 5 . . 1 3 8 7 2 4 2 . 3 1 . 10 4 16 . . 10 11 3 Drop 113 | . 3 1 12 . 1 . 6 8 2 2 1 3 . . 5 . 11 2 17 3 . 17 18 1 Fire 998 | . 29 14 89 5 . 18 87 146 47 22 17 16 12 21 . 22 91 48 129 31 8 83 45 18 Melee 47 | . . . . . . . . 2 3 . 1 1 . 2 . . 5 . 9 . . 9 15 . Ram . | . . . . . . . . . . . . . . . . . . . . . . . . . Kick . | . . . . . . . . . . . . . . . . . . . . . . . . . Crush 9 | . 3 1 5 . . . . . . . . . . . . . . . . . . . . . Escape Stasis 88 | . . . . . . . . 36 . . . . . . . . 16 36 . . . . . . Rewire . | . . . . . . . . . . . . . . . . . . . . . . . . . Trap . | . . . . . . . . . . . . . . . . . . . . . . . . . Miscellaneous 476 | . 17 9 57 2 . . 47 54 22 8 13 7 8 11 . 20 43 15 66 14 6 22 23 12 Route ------- -11/Scrapyard -10/Materials (discovered 5 exits: *Mat x3 / *Min / *Sub) -10/Mines (discovered 3 exits: *Mat x2 / *Sub) -9/Materials (discovered 5 exits: *Mat x3 / *Min x2) -9/Mines -9/Exiles -8/Mines -8/Materials -7/Factory (discovered 7 exits: *Fac x4 / *Sto x2 / *Low) -7/Storage -6/Factory (discovered 2 exits: *Low x2) -6/Waste -6/Factory (discovered 2 exits: *Low x2) -6/Lower Caves -6/Lower Caves (discovered 2 exits: *Fac / *Zio) -6/Zion -5/Proximity Caves -5/Factory (discovered 6 exits: *Fac x3 / *Upp / *Ext x2) -5/Extension (discovered 3 exits: *Fac x2 / *Cet) -4/Factory (discovered 7 exits: *Res x4 / *Upp x2 / Arm) -4/Upper Caves -4/Upper Caves -3/Research (discovered 4 exits: *Res x3 / *Qua) -2/Research (discovered 2 exits: *Acc / *Tes) -1/Access (discovered 2 exits: *Sur / Com) To Epsilon Eridani History --------- Turn | Location | Event 5 | -11/Scrapyard | Discovered new exit (range 16) 10 | -11/Scrapyard | Upgraded with Propulsion slot (x1) 10 | -11/Scrapyard | Upgraded with Utility slot (x1) 10 | -11/Scrapyard | Upgraded with Weapon slot (x1) 57 | -11/Scrapyard | Entered Materials 301 | -10/Materials | Build established: Mutant 567 | -10/Materials | Discovered new exit (range 3) 572 | -10/Materials | Identified exit to Materials 617 | -10/Materials | Reached level 2 638 | -10/Materials | Destroyed 7 combat bots 860 | -10/Materials | Discovered exit to Materials (range 15) 966 | -10/Materials | Discovered new exit (range 14) 988 | -10/Materials | Identified exit to Mines 1136 | -10/Materials | Discovered exit to Materials (range 16) 1427 | -10/Materials | Discovered new exit (range 9) 1448 | -10/Materials | Identified exit to Subcaves 1465 | -10/Materials | Entered Mines 1494 | -10/Mines | Learned location of Zion (-6) 1512 | -10/Mines | Discovered exit to Materials (range 12) 1649 | -10/Mines | Learned location of Storage (-7) 1675 | -10/Mines | Joined a pair of Derelicts in attacking an 0b10 outpost 1943 | -10/Mines | Reached level 3 2005 | -10/Mines | Discovered exit to Materials (range 5) 2042 | -10/Mines | Received a Mining Laser from a helpful Derelict 2356 | -10/Mines | Discovered exit to Subcaves (range 10) 2495 | -10/Mines | Entered Materials 2495 | -9/Materials | Accompanied by 2 allies 2497 | -9/Materials | Reached level 4 2500 | -9/Materials | Led the pair of lost Derelicts to an unsafe place 2882 | -9/Materials | Reached level 5 2933 | -9/Materials | Upgraded with Utility slot (x1) 3145 | -9/Materials | Discovered new exit (range 16) 3170 | -9/Materials | Identified exit to Mines 3516 | -9/Materials | Crushed by falling debris 3516 | -9/Materials | Core integrity fell below 50% 3632 | -9/Materials | Reached level 6 3639 | -9/Materials | Upgraded with Propulsion slot (x1) 3687 | -9/Materials | Discovered new exit (range 13) 3704 | -9/Materials | Identified exit to Materials 4241 | -9/Materials | Discovered exit to Materials (range 12) 4546 | -9/Materials | Reached level 7 4597 | -9/Materials | Upgraded with Propulsion slot (x1) 4597 | -9/Materials | Upgraded with Utility slot (x1) 4812 | -9/Materials | Discovered exit to Materials (range 9) 4894 | -9/Materials | Build established: Hacker-Sprinter 4955 | -9/Materials | Entered Mines 4960 | -9/Mines | Deemed a non-threat by the Exiles lab entrance 4960 | -9/Mines | Discovered new exit (range 5) 4970 | -9/Mines | Reached level 8 4999 | -9/Mines | Identified exit to Exiles 5000 | -9/Mines | Entered Exiles 5007 | -9/Exiles | Met 8R-AWN 5011 | -9/Exiles | Met EX-HEX 5018 | -9/Exiles | Met EX-BIN 5022 | -9/Exiles | Aligned with FarCom system 5022 | -9/Exiles | Given EX-Vault access code 5028 | -9/Exiles | Opened EX-Vault 5030 | -9/Exiles | Found Cloak of Protection 5037 | -9/Exiles | Warned to stay clear of 0b10 Research branches 5054 | -9/Exiles | Discovered new exit (range 14) 5056 | -9/Exiles | Identified exit to Mines 5057 | -9/Exiles | Left Exiles lab with Cloak of Protection 5057 | -9/Exiles | Entered Mines 5159 | -8/Mines | Reached level 9 5170 | -8/Mines | Discovered exit to Materials (range 13) 5178 | -8/Mines | Entered Materials 5180 | -8/Materials | Reached level 10 5180 | -8/Materials | Upgraded with Utility slot (x1) 5298 | -8/Materials | Garrison activated, responded to threat 5367 | -8/Materials | Build established: Hacker-Scout 5458 | -8/Materials | Reached level 11 5625 | -8/Materials | Discovered new exit (range 14) 5640 | -8/Materials | Identified exit to Factory 5731 | -8/Materials | Met 7R-MNS 5788 | -8/Materials | Entered Factory 5789 | -7/Factory | Caught up to 7R-MNS 5790 | -7/Factory | Reached level 12 5790 | -7/Factory | Upgraded with Utility slot (x1) 5922 | -7/Factory | Discovered new exit (range 4) 5922 | -7/Factory | Identified exit to Storage 6043 | -7/Factory | Reached level 13 6046 | -7/Factory | Upgraded with Utility slot (x1) 6048 | -7/Factory | Garrison activated, responded to threat 6354 | -7/Factory | Reached level 14 6409 | -7/Factory | Fabricated Imp. VTOL Module (x1) 6439 | -7/Factory | Discovered new exit (range 5) 6440 | -7/Factory | Identified exit to Factory 6634 | -7/Factory | Allied Derelicts emerged from ambush trap array 6792 | -7/Factory | Discovered exit to Factory (range 11) 6812 | -7/Factory | Discovered new exit (range 10) 6817 | -7/Factory | Identified exit to Lower Caves 6957 | -7/Factory | Reached level 15 6972 | -7/Factory | Fabricated Cld. VTOL Module (x1) 7057 | -7/Factory | Fabricated Cld. VTOL Module (x1) 7062 | -7/Factory | Discovered exit to Factory (range 14) 7157 | -7/Factory | Fabricated Cld. VTOL Module (x1) 7173 | -7/Factory | Discovered exit to Storage (range 5) 7504 | -7/Factory | Discovered exit to Factory (range 15) 7710 | -7/Factory | Entered Storage 7719 | -7/Storage | Reached level 16 7895 | -7/Storage | Garrison activated, responded to threat 7900 | -7/Storage | Core integrity fell below 50% 7952 | -7/Storage | Core integrity fell below 20% 8034 | -7/Storage | Entered Factory 8036 | -6/Factory | Reached level 17 8045 | -6/Factory | Identified exit to DSF 8080 | -6/Factory | Identified exit to Lower Caves 8288 | -6/Factory | Sucked down chute 8288 | -6/Factory | Entered Waste 8289 | -6/Waste | Joined by Warlord forces that had cleared the area 8459 | -6/Waste | Discovered new exit (range 13) 8462 | -6/Waste | Identified exit to Factory 8504 | -6/Waste | Entered Factory 8504 | -6/Factory | Accompanied by 20 allies 8580 | -6/Factory | Spotted B-75 Beast 8591 | -6/Factory | Reached level 18 8591 | -6/Factory | Destroyed B-75 Beast 8915 | -6/Factory | Fabricated Cld. VTOL Module (x1) 8917 | -6/Factory | Upgraded with Propulsion slot (x1) 9035 | -6/Factory | Entered Lower Caves 9035 | -6/Lower Caves | Accompanied by 18 allies 9216 | -6/Lower Caves | Learned Armory garrison access intel 9216 | -6/Lower Caves | Learned location of 1 exit from Proximity Caves 9233 | -6/Lower Caves | Lost 5 allies 9252 | -6/Lower Caves | Spotted B-75 Beast 9321 | -6/Lower Caves | Build established: Hacker-Sprinter 9326 | -6/Lower Caves | Reached level 19 9326 | -6/Lower Caves | Destroyed B-75 Beast 9370 | -6/Lower Caves | Discovered new exit (range 15) 9373 | -6/Lower Caves | Identified exit to Lower Caves 9376 | -6/Lower Caves | Found DCF Scrap (12 items) 9475 | -6/Lower Caves | Entered another Lower Caves area 9475 | -6/Lower Caves | Accompanied by 12 allies 9503 | -6/Lower Caves | Discovered new exit (range 13) 9505 | -6/Lower Caves | Identified exit to Factory 9703 | -6/Lower Caves | Attacked by a delusional Derelict stockpiling parts 9926 | -6/Lower Caves | Attracted the attention of an 0b10 checkpoint 9984 | -6/Lower Caves | Discovered new exit (range 15) 9986 | -6/Lower Caves | Identified exit to Zion 10031 | -6/Lower Caves | Entered Zion 10031 | -6/Zion | Accompanied by 11 allies 10034 | -6/Zion | Acquired unknown access codes intercepted by a Zionite 10050 | -6/Zion | Discovered new exit (range 16) 10055 | -6/Zion | Identified exit to Proximity Caves 10102 | -6/Zion | Given the Hacking Drone Bay 10103 | -6/Zion | Found Prototype Device 10103 | -6/Zion | Identified Hacking Drone Bay 10122 | -6/Zion | Learned Factory emergency access door positions 10180 | -6/Zion | Rebuked by Imprinter 10241 | -6/Zion | Given A8's code to call for help 10404 | -6/Zion | Entered Proximity Caves 10404 | -5/Proximity Caves | Accompanied by 11 allies 10406 | -5/Proximity Caves | Reached level 20 10438 | -5/Proximity Caves | Build established: Wizard-Sprinter 10467 | -5/Proximity Caves | Learned 4 Factory zone layouts 10580 | -5/Proximity Caves | Attracted the attention of an 0b10 outpost 10628 | -5/Proximity Caves | Reached level 21 10631 | -5/Proximity Caves | Upgraded with Utility slot (x1) 10698 | -5/Proximity Caves | Lost 4 allies 10722 | -5/Proximity Caves | Entered Factory 10722 | -5/Factory | Accompanied by 7 allies 10723 | -5/Factory | Identified exit to Extension 10723 | -5/Factory | Identified exit to DSF 10751 | -5/Factory | Discovered new exit (range 9) 10752 | -5/Factory | Identified exit to Factory 10755 | -5/Factory | Reached level 22 10969 | -5/Factory | Lost 3 allies 11022 | -5/Factory | Build established: Wizard-Scout 11056 | -5/Factory | Discovered exit to Extension (range 16) 11068 | -5/Factory | Discovered exit to Factory (range 15) 11104 | -5/Factory | Discovered new exit (range 8) 11106 | -5/Factory | Identified exit to Upper Caves 11322 | -5/Factory | Fabricated Cld. VTOL Module (x1) 11559 | -5/Factory | Fabricated Cld. Cesium-ion Thruster (x1) 11651 | -5/Factory | Fabricated Adv. Hacking Suite (x1) 11682 | -5/Factory | Discovered exit to Factory (range 16) 11752 | -5/Factory | Fabricated Adv. Hacking Suite (x1) 12101 | -5/Factory | Reached level 23 12177 | -5/Factory | Entered Extension 12222 | -5/Extension | Rescued A7 12227 | -5/Extension | Rescued a captive Derelict 12239 | -5/Extension | Rescued a captive Derelict 12242 | -5/Extension | Rescued a captive Derelict 12550 | -5/Extension | Spotted B-75 Beast 12571 | -5/Extension | Allies destroyed B-75 Beast 12583 | -5/Extension | Spotted B-75 Beast 12594 | -5/Extension | Allies destroyed B-75 Beast 12621 | -5/Extension | Rescued a captive Derelict 12626 | -5/Extension | Discovered exit to Factory (range 3) 12636 | -5/Extension | Rescued a captive Derelict 12637 | -5/Extension | Rescued a captive Derelict 12638 | -5/Extension | Rescued a captive Derelict 12653 | -5/Extension | Rescued a captive Derelict 12655 | -5/Extension | Rescued a captive Derelict 12674 | -5/Extension | Rescued a captive Derelict 12674 | -5/Extension | Rescued a captive Derelict 12692 | -5/Extension | Rescued a captive Derelict 12695 | -5/Extension | Rescued a captive Derelict 12712 | -5/Extension | Rescued a captive Derelict 12713 | -5/Extension | Rescued a captive Derelict 12769 | -5/Extension | Discovered exit to Factory (range 10) 12769 | -5/Extension | Discovered new exit (range 6) 12771 | -5/Extension | Identified exit to Cetus 12809 | -5/Extension | Entered Factory 12809 | -4/Factory | Accompanied by 8 allies (A7) 12811 | -4/Factory | Reached level 24 13111 | -4/Factory | Reached level 25 13273 | -4/Factory | Spotted B-86 Titan 13277 | -4/Factory | Discovered new exit (range 9) 13279 | -4/Factory | Identified exit to Upper Caves 13291 | -4/Factory | Allies destroyed B-86 Titan 13342 | -4/Factory | Lost 3 allies 13778 | -4/Factory | Reached level 26 13783 | -4/Factory | Upgraded with Utility slot (x1) 13784 | -4/Factory | Identified exit to Research 13784 | -4/Factory | Identified exit to Armory 14132 | -4/Factory | Destroyed 8 combat bots 14260 | -4/Factory | Fabricated Cld. Nuclear Pulse Thruster (x1) 14349 | -4/Factory | Fabricated Cld. Nuclear Pulse Thruster (x1) 14419 | -4/Factory | Entered Upper Caves 14427 | -4/Upper Caves | Learned location of Armory (-4) 14633 | -4/Upper Caves | Identified exit to Upper Caves 14719 | -4/Upper Caves | Build established: Wizard-Sprinter 14739 | -4/Upper Caves | Entered another Upper Caves area 14806 | -4/Upper Caves | Discovered exit to Research (range 14) 14819 | -4/Upper Caves | Entered Research 14821 | -3/Research | Reached level 27 14882 | -3/Research | Fabricated Cld. Nuclear Pulse Thruster (x1) 15071 | -3/Research | Found Prototype Processor 15071 | -3/Research | Identified Exp. Terrain Scan Processor 15132 | -3/Research | Build established: Wizard-Scout 15206 | -3/Research | Spotted B-86 Titan 15237 | -3/Research | Discovered new exit (range 7) 15262 | -3/Research | Identified exit to Research 15392 | -3/Research | Reached level 28 15462 | -3/Research | Found Prototype Processor 15462 | -3/Research | Identified Exp. Signal Interpreter 15508 | -3/Research | Discovered new exit (range 15) 15511 | -3/Research | Identified exit to Quarantine 15769 | -3/Research | Spotted B-86 Titan 15778 | -3/Research | Imp. Hacking Suite fried by hacking feedback 15819 | -3/Research | First assault squad dispatched 15829 | -3/Research | Garrison activated, responded to threat 15840 | -3/Research | Core integrity fell below 50% 15873 | -3/Research | Entered another Research area 15874 | -2/Research | Core integrity fell below 50% 15875 | -2/Research | Reached level 29 15877 | -2/Research | Upgraded with Utility slot (x1) 16316 | -2/Research | Reached level 30 16375 | -2/Research | Found Prototype Processor 16376 | -2/Research | Identified Exp. Core Analyzer 16482 | -2/Research | Discovered new exit (range 5) 16483 | -2/Research | Identified exit to Testing 16512 | -2/Research | Spotted B-90 Cyclops 16623 | -2/Research | First assault squad dispatched 16637 | -2/Research | Spotted B-90 Cyclops 16698 | -2/Research | Discovered new exit (range 14) 16701 | -2/Research | Identified exit to Access 16701 | -2/Research | Entered Access 16702 | -1/Access | Core integrity fell below 50% 16703 | -1/Access | Reached level 31 16738 | -1/Access | Identified exit to Surface 16758 | -1/Access | Reached level 32 16814 | -1/Access | Identified exit to Command 16869 | *** | Escaped! Last Messages --------------- 16849_ HV Slug penetrates Wall. 16852_ G-73 Enforcer suffers critical hit (Destroy). 16852_ Destroyed Myomer Leg. 16852_ Slug penetrates G-73 Enforcer. 16852_ G-73 Enforcer destroyed. 16855_ W-44 Eye suffers critical hit (Destroy). 16855_ Destroyed Adv. Sensor Array. 16855_ Slug penetrates W-44 Eye. 16860_ HV Slug penetrates W-44 Eye. 16860_ W-44 Eye suffers critical hit (Destroy). 16860_ Destroyed Antigrav System. 16860_ W-44 Eye destroyed. 16864_ Acquired 9 matter. 16864_ Acquired 88 matter. 16865_ Acquired 58 matter. 16867_ Connecting with Terminal... >>Open(Door) Sealed Barrier opened. 16868_ The Access Shell folds into the floor. [Achievement: Epsilon Run] Map ----- +----------------------------------------------------+ | ?????????????????????????????????????????????????? | | ?????????????????????????????????????????????????? | | ?????????????????????????????????????????????????? | | ?????????????????????????????????????????????????? | | ?????????????????????????????????????????????????? | | ?????????????????????????????????????????????????? | | ?????????????????????????????????????????????????? | | ?????????????????????????????????????????????????? | | ???????????????????Y?????????????????????????????? | | ?????????????????????????????????????????????????? | | ?????????????????????????????????????????????????? | | ?????????????????????????????????????????????????? | | ?????????????????????????????????????????????????? | | ?????????????????????????????????????? ?????????? | | ?????????????????????????????????????? #????????? | | ?????????????????????????????????????? #????????? | | ?????????????????????????????????????? #????????? | | ?????????????????????????????????????? #????????? | | ?????????????????????????????????????? #????????? | | ?????????????????????????????###?????? #????????? | | ????????????????????########## ####### #????????? | | ????????????????????" #????????? | | ??????????????BB????" #????????? | | ??????????????BB????" #????????? | | ????????????????????" [#????????? | | ????????????????????" "@ % *%#????????? | | ????????????????????" "" %!#????????? | | ????????????????????" % #????????? | | ??????????????BB????" ==%#????????? | | ??????????????BB????" """ """=!#??"?????? | | ????????????????????" """T"""%=#????????? | | ????????????????????########## #######=%##???????? | | ?????????????????????????????###?????#!!#??? ??? ? | | ???????????????????????????########### =##???????? | | ???????????????????????????# # [#??###???# | | ???????????????????????????# # [#? " # | | ??????????????????????????##=! # k+? """ # | | ??????????????????????????##! # #? """ # | | ????????????????????????#??########+## #= " # | | ????????????????????????????#?????# # # | | ??????????????????????????????????# # # | | ??????????????????????????????????# " # | | ???????????????????????????????#??# " # | | ??????????????????????????????????# # # | | ??????????????????????????????????# ########## | | ?????????????????????#????????????# # | | ???????????????????????????########+## # | | ???????????????????????????# ! ! # # | | ???????????????????????#???# # # | | ???????????????????????????# " # # | +----------------------------------------------------+ Best States ------------- Heat Dissipation 92 Energy Generation 50 Energy Capacity 290 Matter Stores 600 Matter Capacity 600 Sight Range 16 Robot Scan Range 20 Terrain Scan Range 18 Terrain Scan Density 10 ECM Strength 1 Cloak Strength 5 Armor Coverage 150 Resistance: KI 40 Resistance: TH 50 Resistance: EX 20 Resistance: EM 20 Resistance: I 20 Resistance: S 20 Resistance: P 20 Utility Shielding 66 Evasion (%) 78 Recoil Reduction 2 Kinecelleration 40 Offensive Hacking 62 Defensive Hacking 14 Item Schematics ----------------- Imp. VTOL Module | -8/Materials | Scanalyzed Cld. VTOL Module | -7/Factory | Hacked Imp. Hacking Suite | -7/Factory | Hacked Power Sword | -6/Zion | Archive Neutrino Core | -6/Zion | Archive Thermal Shield | -6/Zion | Archive Adv. System Shield | -6/Zion | Archive Lrn. Proton Cannon | -6/Zion | Archive Myomer Leg | -6/Zion | Archive Imp. Remote Datajack | -6/Zion | Archive Energy Well | -6/Zion | Archive Adv. Signal Interpreter | -6/Zion | Archive Hvy. Shock Bomb Launcher | -6/Zion | Archive Imp. Trap Scanner | -6/Zion | Archive Remote Shield | -6/Zion | Archive Imp. Reaction Control System | -6/Zion | Archive Recoil Nullifier | -6/Zion | Archive Dispersion Rifle | -6/Zion | Archive KE Penetrator | -5/Factory | Hacked Cld. Cesium-ion Thruster | -5/Factory | Hacked Adv. Hacking Suite | -5/Factory | Hacked Hyp. Gauss Cannon | -5/Factory | Hacked Cld. Nuclear Pulse Thruster | -4/Factory | Hacked Enh. Quantum Rifle | -4/Factory | Hacked Hyp. Railgun | -3/Research | Hacked Cld. Impulse Thruster | -3/Research | Hacked Robot Schematics ------------------ B-48 Gladiator | -6/Zion | Archive W-25 Informer | -6/Zion | Archive L-41 Fighter | -6/Zion | Archive B-60 Warrior | -4/Factory | Hacked Fabricated ------------ Imp. VTOL Module | x1 | -7/Factory Cld. VTOL Module | x1 | -7/Factory Cld. VTOL Module | x1 | -7/Factory Cld. VTOL Module | x1 | -7/Factory Cld. VTOL Module | x1 | -6/Factory Cld. VTOL Module | x1 | -5/Factory Cld. Cesium-ion Thruster | x1 | -5/Factory Adv. Hacking Suite | x1 | -5/Factory Adv. Hacking Suite | x1 | -5/Factory Cld. Nuclear Pulse Thruster | x1 | -4/Factory Cld. Nuclear Pulse Thruster | x1 | -4/Factory Cld. Nuclear Pulse Thruster | x1 | -3/Research Alien Tech Used ----------------- None Achievements -------------- Brute Force Epsilon Run Production Line We Are Legion Challenges ------------ None RPGLIKE | -11 -10 -10 -9 -9 -9 -8 -8 -7 -7 -6 -6 -6 -6 -6 -6 -5 -5 -5 -4 -4 -4 -3 -2 -1 --------- Run | Yrd Mat Min Mat Min Exi Min Mat Fac Sto Fac Was Fac Low Low Zio Pro Fac Ext Fac Upp Upp Res Res Acc Levels Raised 31 | . 1 1 4 1 . 1 2 4 1 1 . 1 1 . . 2 2 . 3 . . 2 2 2 XP Earned 51313 | 4000 1915 1532 6480 738 243 1100 3898 6087 1304 1884 139 763 973 552 220 2760 2471 1022 3949 335 198 2619 3267 2864 XP Spent 50320 | 3850 1100 1500 6450 1560 . 1050 2200 7200 1100 1980 . 1400 1575 . . 2825 2350 . 4800 . . 1300 5180 2900 Upgrades 97 | 15 2 2 7 9 . 3 2 6 1 18 . 1 6 . . 3 2 . 3 . . 1 6 10 Propulsion Slot 4 | 1 . . 2 . . . . . . . . 1 . . . . . . . . . . . . Utility Slot 9 | 1 . . 2 . . . 1 2 . . . . . . . 1 . . 1 . . . 1 . Weapon Slot 1 | 1 . . . . . . . . . . . . . . . . . . . . . . . . Core Integrity 32 | . . . . . . . . . . 18 . . . . . . . . . . . . 4 10 Heat Dissipation 8 | . . . . 8 . . . . . . . . . . . . . . . . . . . . Energy Generation 5 | . . . . . . 2 1 . . . . . . . . . 2 . . . . . . . Matter Storage 6 | . . . . . . . . . . . . . 6 . . . . . . . . . . . Mass Support 3 | 1 . . . 1 . . . . 1 . . . . . . . . . . . . . . . Inventory Capacity 4 | 2 . . 1 . . . . . . . . . . . . . . . 1 . . . . . Sensor Range 10 | 8 . . . . . . . . . . . . . . . 2 . . . . . . . . Ranged Accuracy 11 | 1 2 2 2 . . . . 1 . . . . . . . . . . 1 . . 1 1 . KI Damage % 4 | . . . . . . 1 . 3 . . . . . . . . . . . . . . . . Protomatter Created 5164 | . 196 115 354 16 . . 407 1098 114 55 60 . 157 57 . 174 603 276 777 70 41 224 223 147 Integrity Restored 9259 | . 273 171 1116 26 . . 921 967 522 163 283 136 149 192 . 361 858 245 1232 263 120 490 516 255 Core 7351 | . 240 105 900 19 . . 623 766 522 152 61 112 134 86 . 271 701 196 918 235 69 470 516 255 Parts 1908 | . 33 66 216 7 . . 298 201 . 11 222 24 15 106 . 90 157 49 314 28 51 20 . . Protomatter Decayed 3434 | . 58 128 150 5 . . 323 837 . . 92 . 17 155 . 327 403 482 373 56 . . 28 . Game ------ Seed FlyingDrainedPlatform Manual? 0 Play Time 04:36:03 Cumulative 50.5 hours Start 2025.03.30 @ 18:59:42 End 2025.03.31 @ 10:29:54 Sessions 3 Manual Loads 0 Difficulty Adventurer Special Mode Winter2019/RPGLIKE Game No. 73 Rogue 70 Adventurer 3 Explorer 0 Win Type 0 Total 1 Types 1/0/0/0/0/0/0/0/0 Lore% 22 Gallery% 31 Achievement% 38 Wizard Run 0 Options --------- Layout 0 ASCII 0 Keyboard 0 Movement Mouse Keybinds 0 Fullscreen 1 Font 24/Smallcaps Map View 76x56 Zoom Use 0% Tactical HUD 1 Map Filters NONE Filters NONE Steam 1 RUN: 3e6c841e-666c-4b94-b045-914e3a474e4a